Map: Lightshade LE

Players

INnoVation - Winner!

  • Race: Terran Terran

Scarlett

  • Race: Zerg Zerg

Event: DreamHack SC2 Masters 2021 Summer

VOD

Have the link to the VOD?

Description

Time

  • Played on: July 3, 2021, 11:32 a.m.
  • Length: 8:44

All games in this series

Show
View Real Time Build Order
Export as new Build Order

INnoVation Terran - Winner!

Build Orders: Reaper Expand 

Get SALT Encoding   

  12  0:00  SCV  
  13  0:12  SCV  
  14  0:17  Supply Depot  
  14  0:24  SCV  
  15  0:38  SCV  
  15  0:40  Barracks  
  16  0:43  Refinery  
  16  0:50  SCV  
  17  1:02  SCV  
  18  1:14  SCV  
  19  1:27  Reaper, Orbital Command  
  20  1:39  Command Center  
  20  1:48  Supply Depot  
  20  1:53  SCV  
  21  1:58  Marine  
  22  2:05  SCV  
  22  2:07  Factory  
  23  2:15  Refinery  
  23  2:17  SCV  
  23  2:19  Barracks Reactor  
  24  2:29  SCV  
  25  2:41  SCV  
  26  2:51  Orbital Command  
  26  2:52  Starport  
  26  2:53  Hellion  
  26  2:54  SCV  
  26  2:56  Marine x2  
  31  3:06  SCV  
  32  3:14  Hellion, Marine x2  
  32  3:18  SCV x2  
  38  3:22  Supply Depot  
  38  3:28  Medivac  
  38  3:30  SCV  
  38  3:31  SCV  
  38  3:32  Marine x2  
  44  3:36  Hellion  
  46  3:44  SCV x2  
  46  3:46  Supply Depot  
  47  3:56  SCV x2  
  47  3:59  Starport Tech Lab  
  47  4:01  Barracks Tech Lab  
  49  4:04  Hellion x2  
  49  4:09  Supply Depot  
  53  4:15  SCV x2  
  55  4:17  Banshee, Cloaking Field  
  55  4:21  Stimpack  
  57  4:31  SCV x2  
  57  4:32  Command Center  
  56  4:43  SCV x2  
  58  4:49  Marine  
  58  4:50  Factory Reactor  
  58  4:52  Barracks  
  59  4:53  Barracks  
  59  4:55  SCV x2  
  61  5:00  Banshee  
  61  5:04  Engineering Bay  
  61  5:05  Engineering Bay  
  58  5:09  SCV x2  
  56  5:14  Marine  
  56  5:16  Supply Depot  
  56  5:21  SCV x2  
  58  5:26  Refinery  
  58  5:27  Refinery  
  59  5:32  Terran Infantry Armor Level 1, Terran Infantry Weapons Level 1  
  59  5:33  SCV x2  
  61  5:41  Barracks  
  61  5:42  Barracks  
  61  5:47  SCV x2  
  63  5:50  Starport Reactor  
  63  5:52  Marine x2  
  63  5:56  Marine x2  
  67  5:59  Orbital Command, SCV  
  67  6:00  SCV  
  67  6:01  Combat Shield  
  67  6:03  Siege Tank  
  72  6:05  Marine  
  72  6:09  Marine  
  72  6:10  Marine  
  75  6:13  SCV x2  
  75  6:14  Marine  
  78  6:23  Orbital Command, Marine x2, Supply Depot  
  80  6:27  Marine  
  80  6:29  Barracks Reactor x2  
  80  6:32  SCV x2  
  83  6:35  Medivac, Siege Tank  
  83  6:36  Supply Depot  
  88  6:44  SCV x2  
  88  6:45  Marine x5  
  88  6:46  Supply Depot  
  95  6:51  Armory  
  95  6:54  SCV  
  96  6:56  SCV x2  
  98  7:03  Marine x5  
  98  7:07  Siege Tank  
  106  7:10  SCV x3  
  106  7:12  Marine  
  106  7:13  Marine x2  
  106  7:14  Marine, Supply Depot  
  106  7:15  Supply Depot  
  113  7:20  Marine x2, Medivac  
  113  7:21  Marine, Medivac  
  117  7:26  Supply Depot  
  117  7:29  SCV x3  
  117  7:35  Marine x5  
  117  7:36  Marine  
  123  7:38  Marine x3  
  126  7:44  Siege Tank  
  128  7:53  Marine x5  
  128  7:54  Marine  
  128  7:56  Marine x3  
  137  8:09  Medivac  
  137  8:11  Marine x2  
  141  8:17  Refinery, Supply Depot  
  141  8:19  Supply Depot  
  141  8:20  Marine  
  141  8:22  Marine x3  
  141  8:23  Marine  
  141  8:24  Marine x2  
Show
View Real Time Build Order
Export as new Build Order

Scarlett Zerg 

Build Orders: Pool First 

Get SALT Encoding   

  12  0:00  Drone  
  13  0:12  Overlord  
  13  0:17  Drone  
  14  0:30  Drone x2  
  16  0:40  Spawning Pool  
  15  0:44  Drone  
  15  0:47  Drone  
  17  1:07  Hatchery  
  17  1:11  Drone  
  17  1:27  Zergling x4  
  17  1:28  Zergling x2  
  17  1:29  Queen  
  17  1:31  Extractor  
  21  1:39  Overlord  
  21  1:51  Drone  
  22  2:01  Drone  
  22  2:05  Queen  
  25  2:17  Drone  
  25  2:19  Queen  
  28  2:25  Drone x2  
  30  2:33  Drone x2  
  32  2:37  Metabolic Boost  
  32  2:39  Drone  
  32  2:40  Drone x2  
  35  2:48  Overlord  
  35  2:54  Drone  
  36  3:03  Hatchery  
  35  3:07  Drone x2  
  37  3:13  Drone x3  
  37  3:18  Drone  
  37  3:19  Drone x2  
  42  3:23  Overlord  
  42  3:28  Drone  
  42  3:32  Overlord  
  43  3:41  Queen  
  45  3:49  Queen  
  45  3:50  Zergling x10  
  52  3:57  Overlord  
  52  4:00  Drone x4  
  56  4:08  Overlord x2  
  56  4:14  Overlord  
  56  4:15  Spine Crawler  
  55  4:19  Queen  
  55  4:20  Zergling x2  
  55  4:21  Zergling x2  
  59  4:26  Queen  
  59  4:30  Zergling x6  
  62  4:40  Drone x6  
  66  4:48  Zergling x4  
  66  4:52  Drone x5  
  73  4:53  Queen  
  73  4:57  Drone  
  73  4:58  Drone  
  77  5:13  Drone x6  
  83  5:15  Lair  
  83  5:18  Spore Crawler  
  83  5:20  Spore Crawler  
  81  5:23  Drone x3, Spore Crawler  
  83  5:32  Drone x4  
  83  5:34  Extractor  
  86  5:36  Hatchery  
  86  5:37  Baneling Nest  
  86  5:41  Overlord  
  84  5:43  Drone x5  
  84  5:48  Extractor  
  88  5:50  Extractor  
  88  5:51  Evolution Chamber  
  88  5:52  Evolution Chamber  
  88  5:53  Queen  
  88  5:55  Drone x2  
  89  6:01  Drone x7  
  89  6:03  Extractor  
  95  6:05  Overlord x2  
  95  6:14  Overseer  
  95  6:15  Queen  
  95  6:16  Overseer  
  97  6:21  Pneumatized Carapace  
  97  6:22  Zerg Melee Weapons Level 1  
  97  6:25  Drone x8  
  102  6:36  Drone x3  
  102  6:37  Extractor  
  104  6:40  Drone x2, Spore Crawler  
  104  6:41  Zerg Ground Armor Level 1, Spore Crawler  
  104  6:42  Spore Crawler  
  104  6:45  Drone x5  
  108  6:50  Centrifical Hooks  
  108  6:51  Drone x2  
  108  6:52  Drone x3  
  113  6:56  Spore Crawler  
  113  6:57  Queen  
  113  7:00  Drone x4  
  118  7:07  Overlord x2  
  118  7:10  Overlord  
  118  7:11  Overlord  
  118  7:15  Zergling x2  
  119  7:21  Overlord  
  119  7:26  Zergling x4  
  119  7:27  Zergling x6  
  119  7:28  Baneling x20  
  124  7:31  Zergling x6  
  124  7:34  Queen x2  
  131  7:40  Zergling x10  
  134  7:45  Queen x2, Zergling x8  
  142  7:58  Zergling x12  
  141  8:02  Zergling x12  
  147  8:06  Zergling x10  
  154  8:17  Zergling x2  
  154  8:18  Zergling x4  
  154  8:25  Zergling x12  
Tags
 
Add a new tag
Caveats
  • Supply blocks, unpowered buildings, or Contaminate may cause inaccurate times.
  • Supply counts are checked every 10 seconds.